 Dungeon Crawl Stone Soup version 0.31-a0-149-g3fdcc5976a (webtiles) character file.

Game seed: 14086838724963494531

91 qw the Shooter (level 4, -1/38 HPs)
             Began as a Minotaur Hunter on June 7, 2023.
             Constricted to death by Ijyb (2 damage)
             ... on level 3 of the Dungeon.
             The game lasted 00:00:41 (1262 turns).

qw the Shooter (Minotaur Hunter)                    Turns: 1262, Time: 00:00:42

Health: -1/38      AC:  3    Str: 16    XL:     4   Next: 33%
Magic:  3/3        EV:  9    Int:  6    God:
Gold:   106        SH:  0    Dex: 15    Spells: 3/3 levels left

rFire   . . .        Y - +0 shortbow
rCold   . . .        (shield currently unavailable)
rNeg    . . .        c - +0 leather armour
rPois   .            (helmet restricted)
rElec   .            (no cloak)
rCorr   .            (no gloves)
SInv    .            (no boots)
Will    .....        (no amulet)
Stlth   +            (no ring)
HPRegen 0.26/turn    (no ring)
MPRegen 0.08/turn

%: no passive effects
@: grasped by roots, constricted
A: horns 2, retaliatory headbutt
a: no special abilities


You were on level 3 of the Dungeon.
You visited 1 branch of the dungeon, and saw 3 of its levels.

You collected 106 gold pieces.


Innate Abilities, Weirdness & Mutations

You have a pair of horns on your head.
You reflexively headbutt those who attack you in melee.


   Skills:
 + Level 3.3 Fighting
 - Level 6.1 Ranged Weapons
 - Level 2.1 Dodging
 - Level 0.7 Stealth


You had 3 spell levels left.
You didn't know any spells.
Your spell library was empty.

Inventory:

Hand Weapons
 Y - a +0 shortbow (weapon)
Armour
 c - a +0 leather armour (worn)
Jewellery
 g - a ring of ice
Scrolls
 d - 3 scrolls of identify
Potions
 a - a potion of lignification {unknown}
 e - a potion of degeneration {unknown}
 i - a potion of cancellation {unknown}
 j - a potion of ambrosia {unknown}
 k - a potion of curing {unknown}

Dungeon Overview and Level Annotations

Branches:
Dungeon (3/15)

Altars:
Cheibriados

Annotations:
D:3 Ijyb


Message History

The grasping roots grab you! The grasping roots constrict you.
You shoot an arrow. The arrow hits Ijyb.
Ijyb is moderately wounded.
The grasping roots constrict you.
You shoot an arrow. The arrow barely misses Ijyb.
The grasping roots constrict you.
The grasping roots release their grip on you.
You shoot an arrow. The arrow closely misses Ijyb.
Ijyb zaps a wand.
The roots erupt in riotous growth!
The grasping roots grab you! The grasping roots constrict you. x2
You shoot an arrow. The arrow barely misses Ijyb.
The grasping roots constrict you.
The grasping roots release their grip on you.
You shoot an arrow. The arrow hits Ijyb.
Ijyb is moderately wounded.
Ijyb hits you with a +1 dagger of speed.
1258 ||| DRINKING potion of heal wounds.
You feel much better.
Ijyb zaps a wand.
The roots erupt in riotous growth!
The grasping roots grab you!
Ijyb is unaffected.
The grasping roots constrict you.
You shoot an arrow. The arrow barely misses Ijyb.
Ijyb hits you with a +1 dagger of speed.
The grasping roots constrict you. Ijyb barely misses you.
The grasping roots constrict you.
You shoot an arrow. The arrow barely misses Ijyb.
Ijyb barely misses you. The grasping roots constrict you.
The grasping roots release their grip on you.
You shoot an arrow. The arrow barely misses Ijyb.
Ijyb hits you with a +1 dagger of speed.
Ijyb zaps a wand.
The roots erupt in riotous growth!
The grasping roots grab you!
Ijyb is unaffected.
The grasping roots constrict you.
You shoot an arrow. The arrow hits Ijyb but does no damage.
Ijyb is moderately wounded.
Ijyb hits you with a +1 dagger of speed.
The grasping roots constrict you.
You die...

###.##.# ##.....##
#.##.## ##.......##
###.....####.........#
........<..%.........+
###.#...###..........#
#.#..## #.#...>...#
#.#.## #.##.....## #.
#.###...## ## #.#
##@## #.# #.g..# #.#
#........ .. #....####
....## ....# ....#
.....#


You could see Ijyb.

Vanquished Creatures
  3 adders (D:2)
  2 adder zombies (D:2)
  5 adder skeletons (D:2)
  A dart slug (D:2)
  A bat zombie (D:2)
  4 endoplasms (D:1)
  2 giant cockroaches
  A goblin (D:2)
  2 hobgoblins (D:2)
  3 quokkas
  4 ball pythons
  2 ball python zombies (D:2)
  4 bats
  A frilled lizard (D:2)
  2 giant cockroach zombies (D:2)
  2 kobolds
  2 quokka skeletons (D:2)
  4 rats
45 creatures vanquished.

Notes
Turn   | Place    | Note
-------+----------+-------------------------------------------
     0 | D:1      | qw the Minotaur Hunter began the quest for the Orb.
     0 | D:1      | Reached XP level 1. HP: 18/18 MP: 0/0
     0 | D:1      | 0 ||| qw: Version: 0.2-a-117-gc6b5c8b
     0 | D:1      | 0 ||| qw: Game counter: 2654
     0 | D:1      | 0 ||| qw: Always use a shield: true
     0 | D:1      | 0 ||| qw: God list: Okawaru
     0 | D:1      | 0 ||| qw: Allow faded altars: false
     0 | D:1      | 0 ||| qw: Do Orc after D:15 true
     0 | D:1      | 0 ||| qw: Do second Lair branch before Depths: true
     0 | D:1      | 0 ||| qw: Lair rune preference: random
     0 | D:1      | 0 ||| qw: Plans: Normal
     0 | D:1      | 0 ||| PLANNING D:1-11
   112 | D:1      | Reached XP level 2. HP: 25/25 MP: 1/1
   226 | D:1      | Reached skill level 5 in Ranged Weapons
   548 | D:1      | 548 ||| READING scroll labelled FONUIZ IHUHI.
   592 | D:1      | 592 ||| DRINKING 2 orange potions.
   593 | D:1      | 593 ||| DROPPING scroll of butterflies.
   615 | D:2      | 615 ||| STAIRDANCE
   662 | D:2      | Found a snail-covered altar of Cheibriados.
   701 | D:2      | Reached skill level 3 in Fighting
   729 | D:2      | Reached XP level 3. HP: 31/31 MP: 2/2
   905 | D:2      | Reached XP level 4. HP: 38/38 MP: 3/3
   922 | D:2      | Reached skill level 6 in Ranged Weapons
  1159 | D:2      | 1159 ||| READING scroll labelled BINOZX LOAPUO.
  1160 | D:2      | 1160 ||| READING scroll labelled WEORHO QOKYG.
  1161 | D:2      | 1161 ||| READING 2 scrolls labelled LEXUCSO POFEF.
  1162 | D:2      | 1162 ||| READING scroll labelled ATUOGHIZIU.
  1249 | D:3      | Noticed Ijyb
  1257 | D:3      | HP: 9/38 [Ijyb/+1 dagger of speed (3)]
  1258 | D:3      | 1258 ||| DRINKING potion of heal wounds.
  1261 | D:3      | HP: 4/38 [Ijyb/+1 dagger of speed (4)]
  1262 | D:3      | HP: 1/38 [Ijyb/+1 dagger of speed (1)]
  1262 | D:3      | Constricted to death by Ijyb

Levels and vault maps discovered:
D:1:      ncdulo_lavacross, layout_basic, dk_noncrumbling_3
D:2:      layout_rooms, basic_altar, serial_undead, serial_undead_a,
          serial_undead_d, serial_undead_c, serial_undead_a, serial_undead_d,
          serial_undead_e, serial_undead_b, serial_undead_a, serial_undead_e,
          serial_undead_c, chequers_serial_rivers_large_a
D:3:      layout_loops_corners, uniq_ijyb

Skill      XL: |  1  2  3  4 |
---------------+-------------+-----
Ranged Weapons | 5 6 |  6.1
Fighting       | 3 |  3.3
Dodging        | |  2.1
Stealth        | |  0.7

Action                     |  1- 3 |  4- 6 || total
---------------------------+-------+-------++-------
   Fire: Shortbow          |   123 |    41 ||   164
    Use: Scroll            |     1 |     4 ||     5
         Potion            |     1 |     1 ||     2
 Armour: Leather armour    |    18 |     3 ||    21
  Dodge: Dodged            |    32 |     8 ||    40

Table legend:
 A = Non-vault XP
 B = Vault XP
 C = Vault XP percentage of total XP
 D = Non-vault monster count
 E = Vault monster count
 F = Vault count percentage of total count
                 A         B        C        D         E       F
            +---------+---------+-------+---------+---------+-------
      Total |      85 |      45 |  34.6 |      31 |      14 |  31.1
            +---------+---------+-------+---------+---------+-------
        D:1 |      22 |       0 |   0.0 |      14 |       0 |   0.0
        D:2 |      60 |      45 |  42.9 |      15 |      14 |  48.3
        D:3 |       3 |       0 |   0.0 |       2 |       0 |   0.0
            +---------+---------+-------+---------+---------+-------
